 Dungeon Crawl Stone Soup version 0.27-a0-223-ge082b6e869 (webtiles) character file.

Game seed: 11490786682996912115

364 lunkers the Digger (level 7, -2/36 HPs)
             Began as a Kobold Earth Elementalist on Feb 1, 2021.
             Slain by a big kobold (6 damage)
             ... on level 2 of the Dungeon.
             The game lasted 00:06:23 (4934 turns).

lunkers the Digger (Kobold Earth Elementalist)      Turns: 4934, Time: 00:06:24

Health: -2/36      AC:  4    Str:  5    XL:     7   Next: 0%
Magic:  1/13       EV: 15    Int: 18    God:
Gold:   167        SH:  0    Dex: 16    Spells: 8/14 levels left

rFire    . . .     SeeInvis .   (weapon restricted)
rCold    . . .     Faith    .   (shield restricted)
rNeg     . . .     Spirit   .   c - +0 robe
rPois    .         Reflect  .   a - +1 helmet
rElec    .         Harm     .   (no cloak)
rCorr    .         Rampage  .   (no gloves)
Will     .....                  (no boots)
Stlth    +++.......             (no amulet)
HPRegen  0.12/turn              (no ring)
MPRegen  0.13/turn              m - ring of wizardry

@: very slightly contaminated
A: small, nightstalker 3
a: no special abilities


You were on level 2 of the Dungeon.
You visited 1 branch of the dungeon, and saw 3 of its levels.

You collected 167 gold pieces.

Inventory:

Missiles
 d - 19 poisoned darts (quivered)
 i - 10 atropa-tipped darts
 l - 126 stones
Armour
 a - a +1 helmet (worn)
 c - a +0 robe (worn)
Jewellery
 b - an uncursed ring of fire
 m - a ring of wizardry (right hand)
 p - an uncursed amulet of regeneration {unknown}
 s - an uncursed ring of fire
Wands
 q - a wand of mindburst (14)
Scrolls
 h - a scroll of fear {unknown}
 j - a scroll of enchant armour {unknown}
 k - a scroll of random uselessness {unknown}
 o - a scroll of immolation {unknown}
 t - 2 scrolls of remove curse {unknown}
 v - a scroll of identify {unknown}
 w - a scroll of teleportation {unknown}
Potions
 e - a potion of cancellation {unknown}
 f - a potion of might {unknown}
 g - 3 potions of curing {unknown}
 n - a potion of attraction {unknown}
 r - 2 potions of haste {unknown}
 u - a potion of mutation {unknown}


   Skills:
 - Level 2.4 Dodging
 - Level 2.6 Stealth
 + Level 4.3 Spellcasting
 - Level 1.0 Transmutations
 * Level 6.2 Earth Magic


You had 8 spell levels left.
You knew the following spells:

 Your Spells              Type           Power        Failure   Level
a - Stone Arrow           Conj/Erth      30%          4%          3
b - Passwall              Tmut/Erth      13%          1%          2
c - Sandblast             Erth           52%          1%          1

Your spell library contained the following spells:

 Spells                   Type           Power        Failure   Level
 Lee's Rapid Deconstruct  Erth           13%          12%         5
 Petrify                  Tmut/Erth      16%          13%         4


Dungeon Overview and Level Annotations

Branches:
Dungeon (3/15)

Altars:
Ashenzari
Nemelex Xobeh


Innate Abilities, Weirdness & Mutations

You are small and have problems with some larger weapons.
You are completely attuned to the shadows.


Message History

You miscast Stone Arrow.
You are very lightly contaminated with residual magic.
Nothing appears to happen.
The big kobold barely misses you.
Casting: Stone Arrow (dangerous; 4% risk of failure)
Confirm with . or Enter, or press ? or * to list all spells.
Aiming: Stone Arrow (dangerous; 4% risk of failure)
Press: ? - help, Shift-Dir - straight line, f/p - big kobold
Aim: a big kobold (heavily wounded, 40% to evade)
The stone arrow misses the big kobold.
* * * LOW MAGIC WARNING * * *
The big kobold hits you.
* * * LOW HITPOINT WARNING * * *
Unknown command.
Unknown command.
Evoke which item? (* to show all) (? for menu, Esc to quit)
Aiming: Mindburst
Press: ? - help, Shift-Dir - straight line, f/p - big kobold
Aim: a big kobold (heavily wounded, chance to affect: 65%)
The big kobold's mind is blasted!
The big kobold hits you.
You die...

###..........####...
##.#.######.####...
########....#.............
#.........###.............
#.........# #.............
#.........# #..........###
#.........# #..........##.
#(........# #..........##.
#.......K@# #############.
#.........# #. #.........#
#. #..)......# #.
#....>....# ## ###########


You could see a big kobold.

Vanquished Creatures
  3 big kobolds (D:3)
  5 adders (D:2)
  A gnoll (D:3)
  An ooze (D:3)
  5 worms
  A dart slug (D:1)
  2 leopard geckos
  2 orcs (D:3)
  4 giant cockroaches
  6 goblins
  4 hobgoblins
  5 jackals
  A quokka (D:2)
  A ball python (D:1)
  4 bats
  A frilled lizard (D:3)
  32 kobolds
  8 rats
86 creatures vanquished.

Notes
Turn   | Place    | Note
-------+----------+-------------------------------------------
     0 | D:1      | lunkers the Kobold Earth Elementalist began the quest for
                  | the Orb.
     0 | D:1      | Reached XP level 1. HP: 10/10 MP: 3/3
   438 | D:1      | Reached XP level 2. HP: 15/15 MP: 3/5
   999 | D:1      | Reached XP level 3. HP: 19/19 MP: 4/6
  1348 | D:2      | Reached skill level 4 in Earth Magic
  1429 | D:2      | Reached XP level 4. HP: 24/24 MP: 2/8
  1587 | D:2      | Learned a level 2 spell: Passwall
  1591 | D:2      | Learned a level 3 spell: Stone Arrow
  2566 | D:3      | Reached XP level 5. HP: 28/28 MP: 2/9
  2639 | D:3      | Noticed a big kobold
  2642 | D:3      | Killed a big kobold
  2642 | D:3      | Noticed a big kobold
  2643 | D:3      | Reached skill level 5 in Earth Magic
  2840 | D:3      | Killed a big kobold
  2841 | D:3      | Reached XP level 6. HP: 32/32 MP: 1/11
  3603 | D:3      | Found a broken altar of Ashenzari.
  3719 | D:3      | Found a sparkling altar of Nemelex Xobeh.
  4687 | D:3      | Reached skill level 6 in Earth Magic
  4809 | D:3      | Reached XP level 7. HP: 36/36 MP: 6/13
  4934 | D:2      | Slain by a big kobold

Illustrated notes

Levels and vault maps discovered:
D:1:      tarquinn_simple_flora_water_d, layout_basic
D:2:      layout_rooms, minmay_misc_feat_enclosed
D:3:      minmay_goblin_kobold_castle, layout_basic, lemuel_crystal_altar,
          nemelex_dance_club_becter

Skill      XL: |  1  2  3  4  5  6 |
---------------+-------------------+-----
Earth Magic    | 4 5 6 |  6.2
Spellcasting   | 3 4 |  4.3
Dodging        | |  2.4
Stealth        | |  2.6
Transmutations | |  1.0

Action                   |  1- 3 |  4- 6 |  7- 9 || total
-------------------------+-------+-------+-------++-------
Melee: Unarmed           |     5 |    16 |    20 ||    41
Throw: Dart              |       |    26 |       ||    26
 Cast: Sandblast         |    52 |     2 |       ||    54
       Stone Arrow       |       |    68 |     6 ||    74
Evoke: Wand              |       |       |     1 ||     1
Armor: Robe              |     5 |    10 |     7 ||    22
Dodge: Dodged            |    34 |    21 |    23 ||    78

Table legend: (Time is in decaauts)
 A = Elapsed time spent in this place.
 B = Non-inter-level travel time spent in this place.
 C = Inter-level travel time spent in this place.
 D = Time resting spent in this place.
 E = Time spent auto-exploring this place.
 F = Levels seen in this place.
 G = Mean time per level.
                   A        B        C        D        E       F      G
               +--------+--------+--------+--------+--------+-----+--------+
         Total |   4945 |   4915 |     30 |    300 |   3853 |   3 | 1648.3 |
       Dungeon |   4945 |   4915 |     30 |    300 |   3853 |   3 | 1648.3 |
               +--------+--------+--------+--------+--------+-----+--------+

Top non-repeatable levels by time:
     D:3: 2449 daAuts
     D:1: 1346 daAuts
     D:2: 1148 daAuts
